 Dungeon Crawl Stone Soup version 0.29-a0-284-gf9362112df (webtiles) character file.

Game seed: 16256117836742860749

3729 Orthodox the Jinx (level 9, 25/43 HPs)
             Began as a Spriggan Arcane Marksman on Mar 15, 2022.
             Was a Follower of Hepliaklqana.
             Quit the game on level 8 of the Dungeon on Mar 24, 2022.
             The game lasted 00:50:00 (12013 turns).

Orthodox the Jinx (Spriggan Arcane Marksman)       Turns: 12013, Time: 00:50:00

Health: 25/43      AC:  7    Str:  6    XL:     9   Next: 92%
Magic:  26/26      EV: 17    Int: 17    God:    Hepliaklqana [*.....]
Gold:   546        SH:  0    Dex: 17    Spells: 1/20 levels left

rFire   . . .      SeeInvis +   a - +0 shortbow
rCold   . . .      Faith    .   (shield currently unavailable)
rNeg    . . .      Spirit   .   s - +2 robe of Crawling {Rampage rCorr}
rPois   .          Reflect  .   (helmet restricted)
rElec   .          Harm     .   e - +2 cloak
rCorr   +          Rampage  +   (gloves unavailable)
Will    +....                   (boots unavailable)
Stlth   ++........              (no amulet)
HPRegen 0.14/turn               x - ring of magical power
MPRegen 0.20/turn               (no ring)

@: studying Necromancy, very quick
A: reduced essence, very small, no large weapons, unfitting armour, see
invisible, speed 3, low MP 1
a: Renounce Religion, Recall Ancestor, Ancestor Identity


You were on level 8 of the Dungeon.
You worshipped Hepliaklqana.
Hepliaklqana was aware of your devotion.
You visited 2 branches of the dungeon, and saw 10 of its levels.

You collected 546 gold pieces.

Inventory:

Hand Weapons
 a - a +0 shortbow (weapon)
 u - a +0 short sword
Missiles
 p - 16 poisoned darts
Armour
 b - a +0 robe
 e - a +2 cloak (worn)
 s - the +2 robe of Crawling (worn) {Rampage rCorr}
   (You found it on level 3 of the Dungeon)

   rCorr:     It protects you from acid and corrosion.
   Rampage:   It bestows one free step when moving towards enemies.
Jewellery
 x - a ring of magical power (left hand)
Wands
 w - a wand of flame (15)
Scrolls
 c - 3 scrolls of vulnerability
 f - a scroll of torment
 i - 2 scrolls of teleportation
 l - a scroll of noise
 m - 2 scrolls of amnesia
 n - 3 scrolls of fear
 o - 3 scrolls of fog
 v - a scroll of magic mapping
 y - a scroll of immolation
Potions
 d - 3 potions of mutation
 g - 2 potions of berserk rage {unknown}
 j - 3 potions of curing {@q1}
 k - 3 potions of attraction
 q - 3 potions of heal wounds {unknown}
 r - 2 potions of lignification {unknown}
 t - a potion of invisibility {unknown}
 z - a potion of haste {unknown}
 A - 3 potions of cancellation {unknown}


   Skills:
 + Level 6.2 Fighting
 + Level 8.6 Bows
 - Level 2.6 Dodging
 - Level 6.0 Spellcasting
 - Level 10.0 Hexes
 - Level 5.2 Transmutations


You had one spell level left.
You knew the following spells:

 Your Spells              Type           Power      Damage    Failure   Level
a - Slow                  Hex            100%       N/A       1%          1
b - Tukima's Dance        Hex            39%        N/A       1%          3
c - Cause Fear            Hex            19%        N/A       1%          4
d - Portal Projectile     Hex/Tloc       44%        N/A       4%          3
e - Yara's Violent Unrav  Hex/Tmut       15%        3d8       16%         5
f - Inner Flame           Hex/Fire       22%        N/A       4%          3

Your spell library contained the following spells:

 Spells                   Type           Power      Damage    Failure   Level
 Pain                     Necr           20%        1d5       13%         1
 Ignite Poison            Fire/Tmut/Pois 10%        N/A       19%         3
 Conjure Flame            Conj/Fire      5%         6-21      36%         3
 Dispel Undead            Necr           5%         3d7       77%         4
 Iskenderun's Mystic Bla  Conj/Tloc      5%         2d3       77%         4
 Passage of Golubria      Tloc           5%         N/A       77%         4
 Sticky Flame             Conj/Fire      5%         2d3       77%         4
 Agony                    Necr           5%         N/A       98%         5
 Borgnjor's Vile Clutch   Necr/Erth      2%         N/A       98%         5
 Excruciating Wounds      Necr           2%         N/A       98%         5


Dungeon Overview and Level Annotations

Branches:
Dungeon (9/15)             Temple (1/1) D:5
   Lair: D:8-11         Orc: D:9-12

Altars:
Ashenzari
Cheibriados
Dithmenos
Elyvilon
Fedhas
Gozag
Hepliaklqana
Kikubaaqudgha
Nemelex Xobeh
Okawaru
Qazlal
Ru
Sif Muna
Trog
Uskayaw
Vehumet
Wu Jian
Xom
Yredelemnul
Zin
The Shining One

Shops:
D:7 (


Innate Abilities, Weirdness & Mutations

Your life essence is reduced to manifest your ancestor. (-10% HP)
You are very small and have problems with some larger weapons.
You are too small for most types of armour.
You have supernaturally acute eyesight. (SInv)
You cover ground extremely quickly. (Speed+++)
Your magical capacity is low. (-10% MP)


Message History

There is a stone staircase leading down here.
There is a stone staircase leading down here.
You start resting.
HP restored.
Health restored: 43 You climb downwards.
The steam dragon barely misses you.
The steam dragon claws you but does no damage.
The steam dragon bites you. The steam dragon closely misses you.
There is a stone staircase leading up here.
You take 1 damage, and have 42/43 hp.
Izel hits the steam dragon but does no damage.
The steam dragon closely misses you.
The steam dragon claws you but does no damage.
You climb upwards.
There is a stone staircase leading down here.
The steam dragon breathes steam at you. The ball of steam hits you.
You take 5 damage, and have 37/43 hp.
Izel hits the steam dragon.
There is a stone staircase leading down here.
Casting: Slow (safe; 1% risk of failure)
Confirm with . or Enter, or press ? or * to list all spells.
Aiming: Slow (safe; 1% risk of failure)
Press: ? - help, Shift-Dir - straight line, f - steam dragon
Aim: a steam dragon (chance to affect: 64%)
The steam dragon seems to slow down.
The steam dragon breathes steam at you. The ball of steam hits you!
Unknown command.
You take 14 damage, and have 24/43 hp.
MASSIVE DAMAGE!!
You now have 25/26 mp.
You start resting.
Magic restored.
MP restored: 26 You are too injured to fight recklessly!
Saving game... please wait.
Options error: Unknown tile: "mons_" (~/.crawlrc:258) Welcome back, Orthodox the Spriggan Arcane Marksman.
Hepliaklqana says: Your past becomes your present!
Press ? for a list of commands and other information.
Are you sure you want to abandon this character and quit the game? (Confirm with "yes".)

#..........## #.#.........
###.......## #####..#........
##....### ##..#...#........
###### ###...........#....
##.......#.....#.... #
###.[....>.......##(.. ###
####...).............#...
..#######....#...................
#(..##....#####.@................
###.......## #................#.
##..#...<## ##...............##
#........## ##............)[#
#.........# #..............#
#.........## ##..........D..##
#..........## ##.......R......
#...........# ##...........D.
#...........## ##..[.......R.


There were no monsters in sight!

Vanquished Creatures
  A cyclops (D:8)
  Grinder (D:4)
  A slime creature (D:8)
  A shadow (D:5)
  Grum (D:8)
  2 steam dragons
  2 water moccasins (D:5)
  2 black bears
  A sky beast (D:6)
  An ogre (D:5)
  A wolf (D:8)
  A gnoll sergeant (D:8)
  2 scorpions
  2 necrophages (D:6)
  2 bullfrogs
  2 wights (D:8)
  A jelly (D:5)
  A hound (D:4)
  6 iguanas
  4 orc wizards
  5 adders
  A shadow imp (D:4)
  A white imp (D:5)
  2 ufetubi
  A worm (D:4)
  2 dart slugs
  30 orcs
  3 endoplasms
  3 giant cockroaches
  6 goblins
  A hobgoblin (D:2)
  7 jackals
  5 quokkas
  2 ball pythons
  6 bats
  5 frilled lizards
  14 kobolds
  7 rats
  A bush (D:3)
137 creatures vanquished.

Vanquished Creatures (collateral kills)
  Maggie (D:9)
  An orc warrior (D:8)
  A wolf (D:8)
  A kobold brigand (D:7)
  3 wights (D:8)
  2 orc priests (D:8)
  An orc wizard (D:9)
  An orc (D:9)
  2 kobolds (D:7)
13 creatures vanquished.

Vanquished Creatures (others)
  3 dancing weapons (D:8)
  2 ancestors (D:8)
  10 plants
15 creatures vanquished.

Grand Total: 165 creatures vanquished

Notes
Turn   | Place    | Note
-------+----------+-------------------------------------------
     0 | D:1      | Orthodox the Spriggan Arcane Marksman began the quest for
                  | the Orb.
     0 | D:1      | Reached XP level 1. HP: 9/9 MP: 3/3
   428 | D:1      | Reached XP level 2. HP: 12/14 MP: 5/5
   695 | D:1      | Found a faded altar of an unknown god.
   699 | D:1      | Reached skill level 4 in Hexes
  1452 | D:2      | Reached XP level 3. HP: 17/17 MP: 7/7
  2155 | D:3      | Reached XP level 4. HP: 21/21 MP: 8/8
  2263 | D:3      | Learned a level 3 spell: Tukima's Dance
  2506 | D:3      | Identified the +2 robe of Crawling {Rampage rCorr}
  3891 | D:4      | Reached skill level 1 in Fighting
  4101 | D:4      | Reached skill level 5 in Hexes
  4127 | D:4      | Reached XP level 5. HP: 12/25 MP: 10/10
  4303 | D:4      | Noticed Grinder
  4337 | D:4      | Killed Grinder
  4338 | D:4      | Reached skill level 6 in Hexes
  4338 | D:4      | Reached XP level 6. HP: 16/30 MP: 10/12
  4567 | D:4      | Found a glowing silver altar of Zin.
  4951 | D:4      | Found a hide-covered altar of Uskayaw.
  5192 | D:5      | Entered Level 5 of the Dungeon
  5296 | D:5      | Noticed a water moccasin
  5634 | D:5      | Reached skill level 7 in Hexes
  5634 | D:5      | Reached XP level 7. HP: 35/35 MP: 14/14
  6075 | D:5      | Found a staircase to the Ecumenical Temple.
  6130 | D:5      | Noticed a shadow
  6282 | D:5      | Killed a shadow
  6283 | D:5      | Reached skill level 5 in Spellcasting
  6283 | D:5      | Reached skill level 8 in Hexes
  6288 | D:5      | Learned a level 4 spell: Cause Fear
  6292 | D:5      | Learned a level 3 spell: Portal Projectile
  6298 | D:5      | Learned a level 5 spell: Yara's Violent Unravelling
  6442 | D:5      | Reached XP level 8. HP: 15/40 MP: 17/17
  6769 | D:5      | Reached skill level 9 in Hexes
  6904 | Temple   | Entered the Ecumenical Temple
  6950 | Temple   | Became a worshipper of Hepliaklqana the Forgotten
  7530 | D:6      | Found a stormy altar of Qazlal.
  7530 | D:6      | Found an ancient bone altar of Kikubaaqudgha.
  7531 | D:6      | Found a broken altar of Ashenzari.
  7599 | D:6      | Reached skill level 5 in Bows
  7599 | D:6      | Reached skill level 1 in Transmutations
  7942 | D:7      | Found Potweir's Weapon Shoppe.
  8169 | D:7      | Found an opulent altar of Gozag.
  8176 | D:7      | Reached * piety under Hepliaklqana
  8332 | D:7      | Found a sacrificial altar of Ru.
  8332 | D:7      | Found an iron altar of Okawaru.
  8484 | D:8      | Identified the +0 pair of boots of Amelioration {rPois rF++
                  | rC+ Will+}
  8710 | D:8      | Noticed a slime creature
  8710 | D:8      | Noticed a cyclops
  8796 | D:8      | Killed a slime creature
  8797 | D:8      | Reached XP level 9. HP: 35/40 MP: 19/19
  8813 | D:8      | Reached skill level 5 in Transmutations
  9081 | D:8      | Got Ocun's Compendium of Warped Black Rites
  9086 | D:8      | Learned a level 3 spell: Inner Flame
  9958 | D:8      | Killed a cyclops
  9959 | D:8      | Reached skill level 10 in Hexes
 10075 | D:8      | Reached skill level 5 in Fighting
 10082 | D:8      | Identified the +1 ring mail "Meura" {Str+5}
 10837 | D:9      | Noticed Grum
 10889 | D:8      | Killed Grum
 11265 | D:9      | Noticed Maggie
 11593 | D:9      | Gained mutation: Your magical capacity is low. (-10% MP)
                  | [you]
 11597 | D:9      | Killed Maggie
 12013 | D:8      | Quit the game

Illustrated notes

Levels and vault maps discovered:
D:1:      dpeg_arrival_shrine, layout_loops_ring, serial_glass, glass_columns_a,
          glass_columns_a, glass_columns_b, glass_columns_b, glass_columns_b,
          glass_columns_a, glass_columns_a, glass_columns_a, glass_columns_b,
          glass_columns_a, hellmonk_ecumenical_altar_lost_god
D:2:      layout_basic, grunt_ministairs_8
D:3:      layout_basic, minmay_large_rounded_square, lexackson_kobold_supper
D:4:      layout_loops_cross, mainiacjoe_overflow_big_doors, uniq_grinder
D:5:      layout_rooms, minmay_temple_entry_poolview, kennysheep_generic_room_16
D:6:      layout_loops_ring, gammafunk_temple_overflow_forgotten, st_stairs_10
D:7:      layout_cave_pools, gammafunk_temple_overflow_wave,
          nicolae_gozag_cash_rules_everything_around_me, serial_shops,
          nicolae_shop_bloodbath_and_beyond, lemuel_old_faithful
D:8:      layout_cave_pods, eino_small_chamber_without_monster, chequers_garden,
          minmay_radiant
D:9:      layout_basic, orc_0_dummy, uniq_maggie, uniq_prince_ribbit1, uniq_grum
Temple:   cyrus_circular_temple

Skill      XL: |  1  2  3  4  5  6  7  8  9 |
---------------+----------------------------+-----
Hexes          | 4 5 6 7 8 9 10 | 10.0
Bows           | 3 4 5 8 |  8.6
Spellcasting   | 2 3 4 5 6 |  6.0
Fighting       | 1 2 3 4 6 |  6.2
Transmutations | 4 5 |  5.2
Dodging        | |  2.6

Action                   |  1- 3 |  4- 6 |  7- 9 || total
-------------------------+-------+-------+-------++-------
Melee: Short sword       |       |   148 |       ||   148
       Punch             |       |     3 |       ||     3
 Fire: Shortbow          |   103 |   177 |   425 ||   705
 Cast: Slow              |    16 |     9 |    42 ||    67
       Cause Fear        |       |       |     8 ||     8
       Tukima's Dance    |       |       |    12 ||    12
       Portal Projectile |       |       |     2 ||     2
       Yara's Violent Un |       |       |     1 ||     1
Invok: Recall Ancestor   |       |       |     2 ||     2
       Ancestor Identity |       |       |     2 ||     2
  Use: Scroll            |       |       |    11 ||    11
       Potion            |       |       |     1 ||     1
 Stab: Sleeping          |       |     1 |       ||     1
Armor: Robe              |    14 |    11 |    25 ||    50
Dodge: Dodged            |    68 |    41 |    89 ||   198

Table legend: (Time is in decaauts)
 A = Elapsed time spent in this place.
 B = Non-inter-level travel time spent in this place.
 C = Inter-level travel time spent in this place.
 D = Time resting spent in this place.
 E = Time spent auto-exploring this place.
 F = Levels seen in this place.
 G = Mean time per level.
                   A        B        C        D        E       F      G
               +--------+--------+--------+--------+--------+-----+--------+
         Total |   9497 |   8857 |    640 |   3621 |   2876 |  10 |  949.7 |
       Dungeon |   9463 |   8829 |    634 |   3621 |   2855 |   9 | 1051.4 |
        Temple |     33 |     27 |      6 |      0 |     21 |   1 |   33.0 |
               +--------+--------+--------+--------+--------+-----+--------+

Top non-repeatable levels by time:
     D:8: 2158 daAuts
     D:4: 1438 daAuts
     D:3: 1265 daAuts
     D:5: 1168 daAuts
     D:7: 1012 daAuts
     D:2: 868 daAuts
     D:1: 738 daAuts
     D:6: 673 daAuts
     D:9: 140 daAuts
  Temple: 33 daAuts
